 Dungeon Crawl Stone Soup version 0.31-a0-188-g5e087ee2ca (webtiles) character file.

Game seed: 10731067835616224965

37 qw the Shooter (level 3, -1/20 HPs)
             Began as a Deep Elf Hunter on June 23, 2023.
             Slain by an orc
             ... wielding a +0 flail
              (4 damage)
             ... on level 3 of the Dungeon.
             The game lasted 00:00:29 (1407 turns).

qw the Shooter (Deep Elf Hunter)                    Turns: 1407, Time: 00:00:30

Health: -1/20      AC:  6    Str: 10    XL:     3   Next: 23%
Magic:  5/5        EV: 11    Int: 13    God:
Gold:   972        SH:  0    Dex: 18    Spells: 2/2 levels left

rFire   . . .        Y - +0 shortbow
rCold   . . .        (shield currently unavailable)
rNeg    . . .        a - +0 ring mail
rPois   .            (no helmet)
rElec   .            c - +0 cloak
rCorr   .            (no gloves)
SInv    .            (no boots)
Will    .....        (no amulet)
Stlth   +            (no ring)
HPRegen 0.23/turn    (no ring)
MPRegen 0.09/turn

%: no passive effects
@: no status effects
A: no striking features
a: no special abilities


You were on level 3 of the Dungeon.
You visited 1 branch of the dungeon, and saw 3 of its levels.

You collected 972 gold pieces.


   Skills:
 - Level 1.5 Fighting
 + Level 6.8 Ranged Weapons
 - Level 2.4 Dodging
 - Level 1.2 Stealth


You had 2 spell levels left.
You didn't know any spells.
Your spell library was empty.

Inventory:

Hand Weapons
 Y - a +0 shortbow (weapon)
Armour
 a - a +0 ring mail (worn)
 c - a +0 cloak (worn)
Jewellery
 d - a ring of ice
Scrolls
 j - a scroll of identify
Potions
 e - a potion of enlightenment {unknown}
 g - a potion of mutation {unknown}

Dungeon Overview and Level Annotations

Branches:
Dungeon (3/15)

Altars:


Message History

An orc comes into view. It is wielding a +0 flail.
An orc comes into view. It is wielding a +0 trident.
You shoot an arrow. The orc shouts! x2
The arrow hits the orc!
You kill the orc!
An orc wizard comes into view. It is wielding a +0 dagger.
You shoot an arrow.
The arrow hits the orc wizard but does no damage.
You shoot an arrow.
The arrow hits the orc but does no damage.
You shoot an arrow. The arrow completely misses the orc.
You shoot an arrow.
The arrow hits the orc but does no damage.
You shoot an arrow. The arrow hits the orc!
You kill the orc!
You shoot an arrow. The arrow barely misses the orc wizard.
You shoot an arrow. The arrow hits the orc wizard.
The orc wizard is heavily wounded.
The orc wizard hits you but does no damage.
The orc hits you but does no damage.
You shoot an arrow. The arrow barely misses the orc wizard.
The arrow closely misses the orc.
The orc wizard points at you and mumbles some strange words.
The puff of flame misses you. The orc hits you but does no damage.
The orc barely misses you.
The orc wizard hits you with a +0 dagger.
The orc hits you with a +0 falchion.
You shoot an arrow.
The arrow closely misses the orc wizard.
The orc wizard hits you with a +0 dagger.
The orc closely misses you. The orc hits you but does no damage.
You shoot an arrow. The arrow hits the orc wizard.
The orc wizard is severely wounded.
The orc wizard hits you with a +0 dagger.
The orc hits you with a +0 falchion! The orc hits you but does no damage.
You shoot an arrow. The arrow misses the orc wizard.
The orc wizard casts a spell at you. You resist with some effort.
The orc hits you with a +0 flail.
You die...

# #. ##.##+###
.........
........########
..).....+......#
.....)o.######.#
......o@..>.<#.#
......o.##.#...#
........##.#.###
#######.##.#.#
#.##.#..
#.##.### #.##..
#.##.# #.#


You could see an orc wizard and 2 orcs.

Vanquished Creatures
  2 orcs (D:3)
  4 endoplasms
  3 giant cockroaches (D:1)
  2 goblins (D:1)
  4 hobgoblins
  2 kobolds (D:1)
  2 quokkas
  2 ball pythons
  3 bats (D:2)
  7 frilled lizards
  A rat (D:1)
32 creatures vanquished.

Notes
Turn   | Place    | Note
-------+----------+-------------------------------------------
     0 | D:1      | qw the Deep Elf Hunter began the quest for the Orb.
     0 | D:1      | Reached XP level 1. HP: 12/12 MP: 3/3
     0 | D:1      | 0 ||| qw: Version: 0.3-a-9-g12657ce
     0 | D:1      | 0 ||| qw: Game counter: 3987
     0 | D:1      | 0 ||| qw: Always use a shield: true
     0 | D:1      | 0 ||| qw: God list: Okawaru
     0 | D:1      | 0 ||| qw: Allow faded altars: false
     0 | D:1      | 0 ||| qw: Do Orc after D:15 true
     0 | D:1      | 0 ||| qw: Do second Lair branch before Depths: true
     0 | D:1      | 0 ||| qw: Lair rune preference: random
     0 | D:1      | 0 ||| qw: Plans: Normal
     0 | D:1      | 0 ||| PLANNING D:1-11
   101 | D:1      | Reached XP level 2. HP: 16/16 MP: 4/4
   113 | D:1      | Reached skill level 6 in Ranged Weapons
   829 | D:1      | 829 ||| UPGRADING to +0 scale mail.
   839 | D:1      | 839 ||| DROPPING +0 leather armour.
   840 | D:1      | 840 ||| READING scroll labelled TUIBIO WESCHU.
   841 | D:1      | 841 ||| READING scroll labelled ZYINICHA JELUI.
   842 | D:1      | 842 ||| DROPPING scroll of butterflies.
   897 | D:2      | Found a faded altar of an unknown god.
  1029 | D:2      | Reached XP level 3. HP: 20/20 MP: 5/5
  1356 | D:2      | 1356 ||| UPGRADING to +0 ring mail.
  1366 | D:2      | 1366 ||| UPGRADING to +0 cloak.
  1371 | D:2      | 1371 ||| DROPPING +0 scale mail.
  1372 | D:2      | 1372 ||| READING scroll labelled WETAAFF BOYG.
  1373 | D:2      | 1373 ||| READING scroll labelled YRUEPU ODDUT.
  1373 | D:2      | Identified a scroll of acquirement
  1373 | D:2      | 1373 ||| ACQUIRING 894 gold pieces
  1373 | D:2      | Acquired 894 gold pieces
  1375 | D:2      | 1375 ||| READING scroll labelled LEUMAL FOAN.
  1406 | D:3      | HP: 3/20 [orc/+0 falchion (7)]
  1407 | D:3      | Slain by an orc

Levels and vault maps discovered:
D:1:      tarquinn_simple_flora_water_c, layout_basic, minmay_pentomino_p2
D:2:      layout_basic, basic_ecumenical_altar
D:3:      layout_basic, uniq_natasha

Skill      XL: |  1  2 |
---------------+-------+-----
Ranged Weapons | 6 |  6.8
Fighting       | |  1.5
Dodging        | |  2.4
Stealth        | |  1.2

Action                     || total
---------------------------++-------
   Fire: Shortbow          ||    92
    Use: Scroll            ||     5
 Armour: Leather armour    ||     3
         Scale mail        ||    10
         Ring mail         ||     5
  Dodge: Dodged            ||    18

Table legend:
 A = Non-vault XP
 B = Vault XP
 C = Vault XP percentage of total XP
 D = Non-vault monster count
 E = Vault monster count
 F = Vault count percentage of total count
                 A         B        C        D         E       F
            +---------+---------+-------+---------+---------+-------
      Total |      53 |       1 |   1.9 |      31 |       1 |   3.1
            +---------+---------+-------+---------+---------+-------
        D:1 |      31 |       1 |   3.1 |      18 |       1 |   5.3
        D:2 |      16 |       0 |   0.0 |      11 |       0 |   0.0
        D:3 |       6 |       0 |   0.0 |       2 |       0 |   0.0
            +---------+---------+-------+---------+---------+-------
